 Dungeon Crawl Stone Soup version 0.31.0-11-ge490571c62 (webtiles) character file.

Game seed: 5511486299367476746

162 solopath the Apothecary (level 5, -3/37 HPs)
             Began as a Gnoll Alchemist on Jan 27, 2024.
             Succumbed to Crazy Yiuf's poison
             ... on level 3 of the Dungeon.
             The game lasted 00:04:17 (2995 turns).

solopath the Apothecary (Gnoll Alchemist)           Turns: 2995, Time: 00:04:18

Health: -3/37      AC:  2    Str:  8    XL:     5   Next: 43%
Magic:  18/21      EV: 13    Int: 16    God:
Gold:   96         SH:  0    Dex: 12    Spells: 7/14 levels left

rFire   + . .        s - staff of fire
rCold   . . .        (no shield)
rNeg    . . .        a - +0 robe
rPois   .            (no helmet)
rElec   .            (no cloak)
rCorr   .            (no gloves)
SInv    .            (no boots)
Will    .....        (no amulet)
Stlth   +++          j - ring of magical power
HPRegen 0.26/turn    (no ring)
MPRegen 0.17/turn

%: no passive effects
@: lethally poisoned (-3 -> -24), attractive
A: fangs 1, strong nose, distributed training
a: no special abilities


You were on level 3 of the Dungeon.
You visited 1 branch of the dungeon, and saw 3 of its levels.

You collected 132 gold pieces.
You spent 36 gold pieces at shops.

Inventory:

Missiles
 h - 4 javelins
Armour
 a - a +0 robe (worn)
Magical Staves
 s - a staff of fire (weapon)
Jewellery
 j - a ring of magical power (left hand)
 q - an amulet of faith
Wands
 p - a wand of charming (6)
Scrolls
 c - a scroll of identify {unknown}
 g - 2 scrolls of poison {unknown}
 i - a scroll of enchant armour {unknown}
 k - a scroll of teleportation
 l - a scroll of noise {unknown}
 m - a scroll of enchant weapon {unknown}
 r - a scroll of vulnerability {unknown}
 t - a scroll of blinking {unknown}
 u - a scroll of immolation {unknown}
Potions
 b - a potion of magic
 d - a potion of resistance {unknown}
 e - a potion of berserk rage {unknown}
 f - a potion of attraction
 n - a potion of haste {unknown}
 o - a potion of degeneration {unknown}
 v - a potion of mutation {unknown}


   Skills:
 + Level 1.5 Fighting
 + Level 1.5 Short Blades
 + Level 1.5 Long Blades
 + Level 1.5 Axes
 + Level 1.5 Maces & Flails
 + Level 1.5 Polearms
 + Level 1.5 Staves
 + Level 1.5 Ranged Weapons
 + Level 1.5 Throwing
 + Level 1.5 Armour
 + Level 4.8 Dodging
 + Level 4.4 Stealth
 + Level 1.5 Shields
 + Level 1.5 Unarmed Combat
 + Level 5.2 Spellcasting
 + Level 2.4 Conjurations
 + Level 1.2 Hexes
 + Level 1.2 Summonings
 + Level 1.2 Necromancy
 + Level 1.2 Translocations
 + Level 1.2 Fire Magic
 + Level 1.2 Ice Magic
 + Level 1.2 Air Magic
 + Level 1.2 Earth Magic
 + Level 5.5 Alchemy
 + Level 1.7 Invocations
 + Level 1.5 Evocations
 + Level 1.4 Shapeshifting


You had 7 spell levels left.
You knew the following spells:

 Your Spells              Type           Power      Damage    Failure   Level
a - Sting                 Conj/Alch      68%        1d7       3%          1
b - Mercury Vapours       Alch/Air       30%        N/A       5%          2
c - Mephitic Cloud        Conj/Alch/Air  14%        N/A       13%         3
d - Foxfire               Conj/Fire      60%        2x1d7     7%          1

Your spell library contained the following spells:

 Spells                   Type           Power      Damage    Failure   Level
 Cigotuvi's Dreadful Rot  Necr/Alch/Air  24%        N/A       8%          2
 Summon Small Mammal      Summ           32%        N/A       9%          1
 Olgreb's Toxic Radiance  Alch           22%        N/A       16%         4
 Dazzling Flash           Conj/Hex       20%        N/A       22%         3
 Call Canine Familiar     Summ           8%         N/A       26%         3
 Ignite Poison            Fire/Alch      22%        N/A       36%         4
 Sticky Flame             Fire/Alch      22%        2d6       36%         4
 Summon Blazeheart Golem  Fire/Summ      12%        N/A       65%         4
 Freezing Cloud           Conj/Ice/Air   4%         6-21      91%         5
 Curse of Agony           Necr           8%         N/A       94%         5
 Silence                  Hex/Air        4%         N/A       94%         5


Dungeon Overview and Level Annotations

Branches:
Dungeon (3/15)

Altars:
Trog

Shops:
D:2 ?

Annotations:
D:3 Crazy Yiuf


Innate Abilities, Weirdness & Mutations

You have very sharp teeth.
Your uncanny sense of smell can sniff out nearby items.
Your experience applies equally to all skills.


Message History

Crazy Yiuf is moderately wounded.
Casting: Foxfire (safe; 7% risk of failure)
Confirm with . or Enter, or press ? or * to list all spells.
Aiming: Mephitic Cloud (quite dangerous; 13% risk of failure)
Press: ? - help, Shift-Dir - straight line, f - Crazy Yiuf
Aim: Crazy Yiuf, wielding a +2 quarterstaff of chaos and wearing a +2 cloak of willpower (moderately wounded, ally target, chance to affect: 86%)
The ball explodes into a vile cloud!
The stinking cloud engulfs Crazy Yiuf.
Crazy Yiuf is moderately wounded.
Crazy Yiuf is engulfed in noxious fumes.
You hit Crazy Yiuf but do no damage.
Crazy Yiuf is moderately wounded.
Crazy Yiuf closely misses you.
Your foxfire dissipates!
Crazy Yiuf attacks as he pursues you!
Crazy Yiuf hits you with a +2 quarterstaff of chaos.
Crazy Yiuf freezes you.
Crazy Yiuf whimpers, "Island!
Candle canine ladder."
Crazy Yiuf attacks as he pursues you!
Crazy Yiuf hits you with a +2 quarterstaff of chaos.
Crazy Yiuf burns you. Crazy Yiuf attacks as he pursues you!
Crazy Yiuf hits you with a +2 quarterstaff of chaos!
You are poisoned.
Casting: Mephitic Cloud (quite dangerous; 13% risk of failure)
Confirm with . or Enter, or press ? or * to list all spells.
You feel a surge of power!
You conjure some foxfire!
You feel sick.
Crazy Yiuf hits you with a +2 quarterstaff of chaos!
* * * LOW HITPOINT WARNING * * *
You are lethally poisoned!
Unknown command.
* * * LOW HITPOINT WARNING * * *
You feel very sick.
The foxfire hits Crazy Yiuf but does no damage.
Crazy Yiuf is moderately wounded.
The foxfire hits Crazy Yiuf.
Crazy Yiuf is moderately wounded.
Unknown command.
It was a potion of attraction.
You feel attractive to monsters.
You die...

#####
##...######
##.........#
#....#####.#
#....# #.#
♣@§§.♣ #.#
♣g..♣♣ #.#
♣♣.♣♣ #.#
♣.♣♣
##.#######
♣♣.♣
#.........
♣.♣♣
##########
♣♣.♣ #'#
###### ...
#....#


You could see Crazy Yiuf.

Vanquished Creatures
  Terence (D:2)
  An orc wizard (D:3)
  4 gnolls (D:2)
  2 adders (D:2)
  2 orcs (D:3)
  6 endoplasms
  2 giant cockroaches
  4 goblins
  2 hobgoblins (D:2)
  4 jackals (D:2)
  3 quokkas
  5 ball pythons
  5 bats
  4 frilled lizards
  7 kobolds
  A rat (D:2)
53 creatures vanquished.

Vanquished Creatures (others)
  5 foxfires (D:3)
5 creatures vanquished.

Grand Total: 58 creatures vanquished

Notes
Turn   | Place    | Note
-------+----------+-------------------------------------------
     0 | D:1      | solopath the Gnoll Alchemist began the quest for the Orb.
     0 | D:1      | Reached XP level 1. HP: 13/13 MP: 6/6
   196 | D:1      | Reached XP level 2. HP: 19/19 MP: 4/7
   369 | D:1      | Found a faded altar of an unknown god.
   383 | D:1      | Got Plato's Grimoire of Flame
   885 | D:2      | Found a bloodstained altar of Trog.
   917 | D:2      | Reached skill level 5 in Spellcasting
   917 | D:2      | Reached XP level 3. HP: 22/25 MP: 3/9
   919 | D:2      | Reached skill level 1 in Invocations
  1001 | D:2      | Learned a level 2 spell: Mercury Vapours
  1005 | D:2      | Learned a level 3 spell: Mephitic Cloud
  1082 | D:2      | Reached skill level 1 in Fighting
  1082 | D:2      | Reached skill level 1 in Short Blades
  1082 | D:2      | Reached skill level 1 in Long Blades
  1082 | D:2      | Reached skill level 1 in Axes
  1082 | D:2      | Reached skill level 1 in Maces & Flails
  1082 | D:2      | Reached skill level 1 in Polearms
  1082 | D:2      | Reached skill level 1 in Staves
  1082 | D:2      | Reached skill level 1 in Ranged Weapons
  1082 | D:2      | Reached skill level 1 in Throwing
  1082 | D:2      | Reached skill level 1 in Armour
  1082 | D:2      | Reached skill level 1 in Shields
  1082 | D:2      | Reached skill level 1 in Unarmed Combat
  1082 | D:2      | Reached skill level 1 in Evocations
  1128 | D:2      | Reached skill level 1 in Shapeshifting
  1128 | D:2      | Reached XP level 4. HP: 32/32 MP: 7/11
  1356 | D:2      | Reached skill level 1 in Hexes
  1356 | D:2      | Reached skill level 1 in Summonings
  1356 | D:2      | Reached skill level 1 in Necromancy
  1356 | D:2      | Reached skill level 1 in Translocations
  1356 | D:2      | Reached skill level 1 in Fire Magic
  1356 | D:2      | Reached skill level 1 in Ice Magic
  1356 | D:2      | Reached skill level 1 in Air Magic
  1356 | D:2      | Reached skill level 1 in Earth Magic
  1560 | D:2      | Found Mojeepuge's Magic Scroll Emporium.
  1568 | D:2      | Bought a scroll of teleportation for 36 gold pieces
  1736 | D:2      | Noticed Terence
  1747 | D:2      | Killed Terence
  1748 | D:2      | Reached XP level 5. HP: 28/37 MP: 8/12
  2655 | D:3      | Learned a level 1 spell: Foxfire
  2823 | D:3      | Found a runed translucent door.
  2824 | D:3      | Noticed Crazy Yiuf
  2995 | D:3      | Succumbed to Crazy Yiuf's poison

Illustrated notes

Levels and vault maps discovered:
D:1:      dpeg_arrival_pond, layout_basic, shapermc_ecumenical_altar_rom_forum
D:2:      layout_basic, serial_shops, nicolae_shop_peninsula, basic_altar,
          uniq_terence
D:3:      layout_loops_ring, minivault_19, uniq_crazy_yiuf_cottage

Skill      XL: |  1  2  3  4 |
---------------+-------------+-----
Conjurations   | 2 |  2.4
Spellcasting   | 5 |  5.2
Invocations    | 1 |  1.7
Fighting       | 1 |  1.5
Short Blades   | 1 |  1.5
Long Blades    | 1 |  1.5
Axes           | 1 |  1.5
Maces & Flails | 1 |  1.5
Polearms       | 1 |  1.5
Staves         | 1 |  1.5
Ranged Weapons | 1 |  1.5
Throwing       | 1 |  1.5
Armour         | 1 |  1.5
Shields        | 1 |  1.5
Unarmed Combat | 1 |  1.5
Evocations     | 1 |  1.5
Shapeshifting  | 1 |  1.4
Hexes          | 1 |  1.2
Summonings     | 1 |  1.2
Necromancy     | 1 |  1.2
Translocations | 1 |  1.2
Fire Magic     | 1 |  1.2
Ice Magic      | 1 |  1.2
Air Magic      | 1 |  1.2
Earth Magic    | 1 |  1.2
Dodging        | |  4.8
Stealth        | |  4.4
Alchemy        | |  5.5

Action                     |  1- 3 |  4- 6 || total
---------------------------+-------+-------++-------
  Melee: Unarmed           |     8 |     1 ||     9
         Bite              |     1 |       ||     1
         Staff             |       |     5 ||     5
   Cast: Sting             |    42 |    52 ||    94
         Mercury Vapours   |       |     3 ||     3
         Foxfire           |       |     3 ||     3
         Mephitic Cloud    |       |     1 ||     1
    Use: Potion            |       |     1 ||     1
 Armour: Robe              |     6 |    14 ||    20
  Dodge: Dodged            |     9 |    16 ||    25
